 Dungeon Crawl Stone Soup version 0.30-a0-860-g512cf1e979 (webtiles) character file.

Game seed: 10136694303824932696

1971 zenocrate the Martial Artist (level 9, -5/53 HPs)
             Began as an Octopode Transmuter on Mar 7, 2023.
             Was an Initiate of Gozag.
             Shot with a sling bullet by Joseph (21 damage)
             ... on level 8 of the Dungeon.
             The game lasted 00:07:36 (7355 turns).

zenocrate the Martial Artist (Octopode Transmuter)  Turns: 7355, Time: 00:07:36

Health: -5/53      AC:  1    Str:  9    XL:     9   Next: 20%
Magic:  12/12      EV: 13    Int: 19    God:    Gozag
Gold:   140        SH:  0    Dex: 13    Spells: 3/12 levels left

rFire   + + .      SeeInvis .      - Unarmed
rCold   . . .      Faith    .    (no shield)
rNeg    + . .      Spirit   .    k - +0 hat
rPois   +          Reflect  .    t - amulet of regeneration
rElec   +          Rampage  .    o - ring of flight
rCorr   +                        h - ring of poison resistance
Will    .....                    s - ring of positive energy
Stlth   +++                      n - ring of fire
HPRegen 1.08/turn                (no ring)
MPRegen 0.13/turn                (no ring)
                                 (no ring)
                                 (no ring)

@: about to teleport, resistant, flying
A: almost no armour, amphibious, 8 rings, camouflage 1, gelatinous body 1,
(nimble swimmer 1), tentacles
a: Renounce Religion, Potion Petition, Call Merchant, Bribe Branch


You were on level 8 of the Dungeon.
You worshipped Gozag.
Gozag was aware of your devotion.
You visited 2 branches of the dungeon, and saw 9 of its levels.

You collected 587 gold pieces.
You spent 81 gold pieces at shops.
You paid 366 gold pieces to Gozag.

Inventory:

Missiles
 l - a throwing net
Armour
 k - a +0 hat (worn)
Jewellery
 e - an amulet of the acrobat
 h - a ring of poison resistance (right tentacle)
 n - a ring of fire (on tentacle)
 o - a ring of flight (left tentacle)
 s - a ring of positive energy (on tentacle)
 t - an amulet of regeneration (around mantle)
 u - an amulet of guardian spirit
 y - an amulet of magic regeneration
Wands
 r - a wand of roots (9)
Scrolls
 b - 2 scrolls of magic mapping
 f - 6 scrolls of teleportation
 g - a scroll of amnesia {unknown}
 i - 2 scrolls of enchant weapon {unknown}
 m - 2 scrolls of blinking {unknown}
 p - a scroll of enchant armour {unknown}
 A - a scroll of acquirement {unknown}
Potions
 a - a potion of ambrosia
 c - a potion of haste {unknown}
 d - a potion of curing
 j - 3 potions of cancellation
 q - a potion of might {unknown}
 v - 2 potions of resistance
 w - a potion of magic {unknown}
 x - a potion of brilliance {unknown}
 z - a potion of flight {unknown}


   Skills:
 - Level 1.0 Fighting
 - Level 2.0 Dodging
 - Level 1.0 Stealth
 + Level 8.3 Unarmed Combat
 - Level 2.0 Spellcasting
 + Level 7.9 Transmutations
 - Level 4.1 Ice Magic


You had 3 spell levels left.
You knew the following spells:

 Your Spells              Type           Power      Damage    Failure   Level
a - Ice Form              Ice/Tmut       24%        N/A       14%         4
b - Wereblood             Tmut           32%        N/A       1%          2
c - Beastly Appendage     Tmut           64%        N/A       1%          1
x - Blink                 Tloc           2%         N/A       26%         2

Your spell library contained the following spells:

 Spells                   Type           Power      Damage    Failure   Level
 Freeze                   Ice            68%        1d8       3%          1
 Passwall                 Tmut/Erth      13%        N/A       4%          2
 Frozen Ramparts          Ice            34%        1d6       10%         3
 Spider Form              Tmut/Pois      16%        N/A       10%         3
 Ensorcelled Hibernation  Hex/Ice        18%        N/A       11%         2
 Hailstorm                Conj/Ice       9%         3d4       22%         3
 Cigotuvi's Dreadful Rot  Necr/Pois/Air  2%         N/A       26%         2
 Lesser Beckoning         Tloc           2%         N/A       26%         2
 Momentum Strike          Conj/Tloc      2%         3d8       26%         2
 Poisonous Vapours        Pois/Air       2%         N/A       26%         2
 Scorch                   Fire           4%         2d5       26%         2
 Dazzling Flash           Conj/Hex       2%         N/A       45%         3
 Mephitic Cloud           Conj/Pois/Air  1%         N/A       45%         3
 Swiftness                Air            1%         N/A       45%         3
 Flame Wave               Conj/Fire      2%         2d4       86%         4
 Agony                    Necr           1%         N/A       99%         5
 Silence                  Hex/Air        0%         N/A       99%         5
 Summon Forest            Summ/Tloc      0%         N/A       99%         5
 Eringya's Noxious Bog    Tmut/Pois      8%         N/A       99%         6
 Summon Cactus Giant      Summ           0%         N/A       100%        6
 Summon Hydra             Summ           0%         N/A       100%        7


Dungeon Overview and Level Annotations

Branches:
Dungeon (8/15)             Temple (1/1) D:5
   Lair: D:8-11

Altars:
Ashenzari
Cheibriados
Elyvilon
Fedhas
Gozag
Hepliaklqana
Makhleb
Nemelex Xobeh
Okawaru
Qazlal
Ru
Sif Muna
Trog
Uskayaw
Vehumet
Wu Jian
Xom
Yredelemnul
Zin
The Shining One

Shops:
D:2 *   D:5 [

Annotations:
D:8 Joseph


Innate Abilities, Weirdness & Mutations

You cannot wear most types of armour.
You are amphibious.
You can wear up to eight rings at the same time.
Your skin changes colour to match your surroundings (Stealth+).
Your rubbery body absorbs attacks. (AC +1, EV +1)
((You are camouflaged when in or above water. (Stealth+)))
You have tentacles for arms and can constrict up to eight enemies at once.


Message History

Joseph unwields a +0 quarterstaff.
Joseph wields a +0 sling.
Joseph shoots a sling bullet.
The sling bullet hits you!!
Joseph is nearby!
Joseph shoots a sling bullet.
The sling bullet hits you!
* * * LOW HITPOINT WARNING * * *
Joseph is nearby!
Joseph is nearby!
You are too injured to fight recklessly!
Joseph is nearby!
Okay, then.
Okay, then.
Okay, then.
Okay, then.
Okay, then.
Okay, then.
Okay, then.
Okay, then. [a] - 450 gold - curing, magic and brilliance [b] - 232 gold - might and brilliance [c] - 297 gold - curing and magic Purchase which effect? [a] - 450 gold - curing, magic and brilliance [b] - 232 gold - might and brilliance [c] - 297 gold - curing and magic Purchase which effect?
You no longer have enough gold to petition Gozag for potion effects.
You feel better. Magic courses through your body.
Joseph shoots a sling bullet.
The sling bullet barely misses you.
As you read the scroll of teleportation, it crumbles to dust.
You feel strangely unstable.
Joseph shoots a sling bullet.
The sling bullet hits you!
* * * LOW HITPOINT WARNING * * *
Unknown command.
You feel better.
Unknown command.
It was a potion of resistance.
You feel protected.
Joseph shoots a sling bullet.
The sling bullet hits you!!
You die...
Your body crumbles into a pile of gold.

###### #..# ##..# #[#
......[ ....# #..######.#
###########[####..#......#
..............##
#)####..#.###.#
#.......#.# #.#
#.####.##.# #.# #.##.# #.#
#@##.# #.# #.##.# #.#
#.##.# #.# #.##.# #.# #@#
#.# ..# #.# $ #.# ###.#
#.# ##...# #...##


You could see Joseph.

Vanquished Creatures
  A hornet (D:7)
  A wraith (D:8)
  Edmund (D:4)
  Duvessa (D:6)
  A water moccasin (D:8)
  A sky beast (D:7)
  2 ice beasts
  An ogre (D:5)
  2 bullfrogs
  2 scorpions (D:5)
  Dowan (D:6)
  3 howler monkeys (D:7)
  A jelly (D:5)
  5 hounds
  2 orc priests
  An orc wizard (D:8)
  5 iguanas
  7 adders
  3 gnolls (D:5)
  A shadow imp (D:5)
  An ufetubus (D:4)
  A worm (D:3)
  2 dart slugs
  7 orcs
  4 endoplasms
  2 giant cockroaches
  4 goblins
  4 hobgoblins
  7 jackals
  5 kobolds
  5 quokkas
  5 ball pythons
  A bat (D:1)
  2 frilled lizards
  3 rats
95 creatures vanquished.

Notes
Turn   | Place    | Note
-------+----------+-------------------------------------------
     0 | D:1      | zenocrate the Octopode Transmuter began the quest for the
                  | Orb.
     0 | D:1      | Reached XP level 1. HP: 13/13 MP: 3/3
   397 | D:1      | Reached skill level 1 in Stealth
   457 | D:1      | Reached XP level 2. HP: 15/18 MP: 1/5
   460 | D:1      | Learned a level 2 spell: Wereblood
  1114 | D:2      | Reached XP level 3. HP: 9/23 MP: 6/6
  1302 | D:2      | Found Lion's Assorted Antiques.
  1308 | D:2      | Found a basalt altar of Yredelemnul.
  2131 | D:3      | Reached skill level 4 in Unarmed Combat
  2131 | D:3      | Reached XP level 4. HP: 7/28 MP: 3/7
  2137 | D:3      | Learned a level 4 spell: Ice Form
  2854 | D:4      | Found a shimmering altar of Xom.
  2889 | D:4      | Found an iron altar of Okawaru.
  3032 | D:4      | Noticed Edmund
  3057 | D:4      | Killed Edmund
  3058 | D:4      | Reached XP level 5. HP: 31/33 MP: 6/8
  3058 | D:4      | Reached XP level 6. HP: 36/38 MP: 6/9
  3675 | D:5      | Entered Level 5 of the Dungeon
  3681 | D:5      | Reached skill level 5 in Unarmed Combat
  3803 | D:5      | Reached XP level 7. HP: 43/43 MP: 5/10
  3916 | D:5      | Found Piaseu's Antique Armour Shoppe.
  4063 | D:5      | Reached skill level 5 in Transmutations
  4165 | D:5      | Found a staircase to the Ecumenical Temple.
  4179 | Temple   | Entered the Ecumenical Temple
  4196 | Temple   | Became a worshipper of Gozag Ym Sagoz the Greedy
  4319 | D:2      | Bought 2 scrolls labelled MIATOUHESY for 54 gold pieces
  4319 | D:2      | Bought a scroll labelled TEIFINWITU for 27 gold pieces
  4443 | D:2      | Learned a level 2 spell: Blink
  4943 | D:5      | Found a burning altar of Makhleb.
  4995 | D:5      | Found a basalt altar of Yredelemnul.
  5189 | D:6      | Noticed Dowan
  5226 | D:6      | Killed Dowan
  5246 | D:6      | Noticed Duvessa
  5264 | D:6      | Killed Duvessa
  5265 | D:6      | Reached skill level 6 in Unarmed Combat
  5495 | D:6      | Reached XP level 8. HP: 46/48 MP: 8/11
  6310 | D:7      | Noticed a hornet
  6316 | D:7      | Killed a hornet
  6393 | D:7      | Found a bloodstained altar of Trog.
  6402 | D:7      | Reached skill level 7 in Unarmed Combat
  6506 | D:7      | Found a white marble altar of Elyvilon.
  6506 | D:7      | Found a glowing silver altar of Zin.
  6506 | D:7      | Found a glowing golden altar of the Shining One.
  6910 | D:8      | Reached XP level 9. HP: 53/53 MP: 7/12
  6961 | D:8      | Reached skill level 8 in Unarmed Combat
  7349 | D:8      | Noticed Joseph
  7355 | D:8      | Shot with a sling bullet by Joseph

Illustrated notes

Levels and vault maps discovered:
D:1:      amcnicky_arrival_single_pillar, layout_basic
D:2:      layout_loops_ring, serial_shops, shop, basic_altar
D:3:      layout_basic
D:4:      layout_basic, mainiacjoe_overflow_small_starburst,
          lemuel_doored_altar, amcnicky_mini_pool_small, uniq_edmund
D:5:      layout_loops_ring, mainiacjoe_overflow_two_lobes,
          minmay_temple_entry_mini_moons, serial_shops, nicolae_shop_waterfront,
          kennysheep_doodads
D:6:      layout_basic, uniq_duvessa
D:7:      layout_cave_pools, good_gods_mini_temple,
          mainiacjoe_overflow_boulevard
D:8:      layout_loops_ring, lemuel_mausoleum_altar_kikubaaqudgha, st_stairs_6,
          uniq_joseph
Temple:   nicolae_temple_ecumenical_triangle

Skill      XL: |  1  2  3  4  5  6  7  8  9 |
---------------+----------------------------+-----
Stealth        | 1 |  1.0
Transmutations | 3 4 5 7 |  7.9
Unarmed Combat | 4 5 6 7 8 |  8.3
Ice Magic      | 2 3 4 |  4.1
Fighting       | |  1.0
Dodging        | |  2.0
Spellcasting   | |  2.0

Action                     |  1- 3 |  4- 6 |  7- 9 || total
---------------------------+-------+-------+-------++-------
  Melee: Unarmed           |    76 |    85 |   123 ||   284
         Constrict         |    19 |    20 |    12 ||    51
         Tentacles         |    11 |    19 |    13 ||    43
         Kick              |     7 |    13 |    17 ||    37
         Punch             |     3 |     4 |     1 ||     8
   Cast: Beastly Appendage |    11 |     7 |    12 ||    30
         Wereblood         |     8 |     8 |    13 ||    29
         Ice Form          |       |     1 |    10 ||    11
 Invoke: Potion Petition   |       |       |     1 ||     1
  Evoke: Wand              |       |       |     1 ||     1
    Use: Scroll            |     5 |       |     4 ||     9
         Potion            |       |     2 |     6 ||     8
   Stab: Sleeping          |     5 |     5 |     2 ||    12
 Armour: Skin              |     3 |    25 |    32 ||    60
  Dodge: Dodged            |    51 |    53 |    60 ||   164

Table legend: (Time is in decaauts)
 A = Elapsed time spent in this place.
 B = Non-inter-level travel time spent in this place.
 C = Inter-level travel time spent in this place.
 D = Time resting spent in this place.
 E = Time spent auto-exploring this place.
 F = Levels seen in this place.
 G = Mean time per level.
                   A        B        C        D        E       F      G
               +--------+--------+--------+--------+--------+-----+--------+
         Total |   7330 |   6808 |    522 |    118 |   5722 |   9 |  814.4 |
       Dungeon |   7299 |   6789 |    510 |    118 |   5713 |   8 |  912.4 |
        Temple |     30 |     18 |     12 |      0 |      9 |   1 |   30.0 |
               +--------+--------+--------+--------+--------+-----+--------+

Top non-repeatable levels by time:
     D:3: 1219 daAuts
     D:6: 1174 daAuts
     D:2: 1038 daAuts
     D:5: 1019 daAuts
     D:1: 900 daAuts
     D:4: 843 daAuts
     D:7: 624 daAuts
     D:8: 478 daAuts
  Temple: 30 daAuts
